 Dungeon Crawl Stone Soup version 0.23-a0-169-gb21e695 (webtiles) character file.

98758 iamserjio the Nimble (level 16, -10/114 HPs)
             Began as an Octopode Wanderer on Sept 11, 2018.
             Was a High Priest of Okawaru.
             Mangled by a spark wasp (13 damage)
             ... on level 2 of the Spider Nest.
             The game lasted 01:47:11 (35660 turns).

iamserjio the Nimble (Octopode Wanderer)           Turns: 35660, Time: 01:47:12

Health: -10/114    AC:  1    Str: 25    XL:     16   Next: 23%
Magic:  28/28      EV: 22    Int: 23    God:    Okawaru [*****.]
Gold:   97         SH: 18    Dex: 18    Spells: 21/32 levels left

rFire    . . .     SeeInvis .   a - +4 demon trident (drain)
rCold    + . .     Gourm    .   D - +5 shield {rPois}
rNeg     . . .     Faith    .   (helmet restricted)
rPois    +         Spirit   .   B - amulet of regeneration
rElec    .         Reflect  .   n - +2 ring of intelligence
rCorr    .         Harm     .   I - ring "Utruleowei" {Str+5 Int+5}
MR       +....                  x - ring of protection from cold
Stlth    +++++.....             w - +3 ring of dexterity
HPRegen  0.69/turn              P - ring of Yneeh {+Blink rPois Str+7 Stlth+}
MPRegen  0.21/turn              (no ring)
                                (no ring)
                                (no ring)

@: very slightly contaminated
A: almost no armour, stealthy swim, amphibious, 8 rings, constrict 8, camouflage
1, gelatinous body 1
a: Heroism, Finesse, Renounce Religion, Evoke Blink


You were on level 2 of the Spider Nest.
You worshipped Okawaru.
Okawaru was extremely pleased with you.
You were not hungry.

You visited 5 branches of the dungeon, and saw 26 of its levels.
You visited the Abyss 1 time.
You also visited: Ossuary.

You collected 2151 gold pieces.
You spent 2054 gold pieces at shops.

Inventory:

Hand Weapons
 a - a +4 demon trident of draining (weapon)
 N - the +12 war axe of the Hummingbird {pain, *Corrode +Blink Str-5 SInv}
   (You found it on level 14 of the Dungeon)

   In the hands of one skilled in necromantic magic, it inflicts extra damage on
   living creatures.
   It affects your strength (-5).
   It lets you see invisible.
   It lets you blink.
   It may corrode you when you take damage.
Missiles
 j - 6 javelins (quivered)
 l - 439 arrows
 L - 4 poisoned tomahawks
 Q - 2 throwing nets {!f}
Armour
 D - a +5 shield of poison resistance (worn)
Jewellery
 b - an uncursed ring of fire
 n - a +2 ring of intelligence (left tentacle)
 w - a +3 ring of dexterity (on tentacle)
 x - a ring of protection from cold (on tentacle)
 B - an amulet of regeneration (around mantle)
 I - the ring "Utruleowei" (right tentacle) {Str+5 Int+5}
   (You bought it in a shop on level 2 of the Orcish Mines)

   [ring of intelligence]

   It affects your strength (+5).
   It affects your intelligence (+5).
 M - an uncursed amulet of guardian spirit
 P - the ring of Yneeh (on tentacle) {+Blink rPois Str+7 Stlth+}
   (You bought it in a shop on level 2 of the Orcish Mines)

   [ring of poison resistance]

   It affects your strength (+7).
   It protects you from poison.
   It lets you blink.
   It makes you more stealthy.
 X - an uncursed amulet of faith {unknown}
Wands
 s - a wand of flame (85)
 t - a wand of polymorph (38)
 y - a wand of acid (5)
 F - a wand of paralysis (6)
 G - a wand of digging (39)
 H - a wand of scattershot (5)
Scrolls
 c - 9 scrolls of teleportation
 e - 3 scrolls of blinking
 g - 2 scrolls of enchant armour
 k - a scroll of fog
 o - 10 scrolls of remove curse {@r2}
 p - a scroll of fear
 r - a scroll of summoning
 u - 6 scrolls of magic mapping
 C - 7 scrolls of amnesia
 K - a scroll of enchant weapon
 S - a scroll of silence {unknown}
 T - a scroll of holy word
 U - a scroll of brand weapon
 V - a scroll of immolation
Potions
 d - 8 potions of curing {@q1}
 h - 5 potions of mutation
 m - 2 potions of lignification
 q - 3 potions of flight
 v - 3 potions of agility
 z - a potion of haste
 A - a potion of resistance
 E - a potion of cancellation
 J - a potion of ambrosia
 O - a potion of berserk rage
 Y - a potion of magic
 Z - 2 potions of brilliance
Miscellaneous
 i - a lamp of fire
 R - 2 sacks of spiders
Comestibles
 f - 30 rations
 W - a chunk of flesh


   Skills:
 - Level 12.0 Fighting
   Level 6.9 Long Blades
   Level 3.3 Maces & Flails
 - Level 9.0 Polearms
   Level 3.0 Crossbows
 - Level 12.0 Dodging
 - Level 4.0 Stealth
 - Level 10.0 Shields
 + Level 8.8 Spellcasting
 - Level 2.0 Conjurations
 - Level 2.0 Translocations
 - Level 9.0 Transmutations
 - Level 2.0 Air Magic
 * Level 11.1 Earth Magic
 - Level 2.1 Poison Magic
 - Level 4.1 Invocations
 - Level 2.1 Evocations


You had 21 spell levels left.
You knew the following spells:

 Your Spells              Type           Power        Failure   Level  Hunger
a - Blink                 Tloc           N/A          9%          2    None
b - Mephitic Cloud        Conj/Pois/Air  ###.....     16%         3    None
e - Statue Form           Tmut/Erth      ######...    30%         6    ######.

Your spell library contained the following spells:

 Spells                   Type           Power        Failure   Level  Hunger
 Stone Arrow              Conj/Erth      #####.       2%          3    None
 Magic Dart               Conj           ###.         5%          1    None
 Corona                   Hex            ##.....      12%         1    None
 Leda's Liquefaction      Hex/Erth       #####.....   12%         4    ##.....
 Call Imp                 Summ           ##......     19%         2    None
 Corpse Rot               Necr           N/A          19%         2    None
 Ensorcelled Hibernation  Hex/Ice        ##....       19%         2    None
 Slow                     Hex            ##......     19%         2    None
 Conjure Flame            Conj/Fire      ##......     24%         3    None
 Dazzling Spray           Conj/Hex       ##....       24%         3    None
 Irradiate                Conj/Tmut      #####.....   34%         5    ####...
 Confuse                  Hex            ##......     36%         3    None
 Tukima's Dance           Hex            ##......     36%         3    None
 Hydra Form               Tmut           ######....   43%         6    ######.
 Bolt of Magma            Conj/Fire/Erth ####......   50%         5    ####...
 Iron Shot                Conj/Erth      #####.....   77%         6    ######.
 Venom Bolt               Conj/Pois      ###.......   82%         5    ####...
 Iskenderun's Battlesphe  Conj/Chrm      ##......     92%         5    ####...
 Summon Forest            Summ/Tloc      ##........   92%         5    ####...
 Dragon Form              Tmut           ######....   95%         7    #######
 Orb of Destruction       Conj           ###.......   100%        7    #######
 Spellforged Servitor     Conj/Summ      ##........   100%        7    #######
 Summon Hydra             Summ           ##........   100%        7    #######


Dungeon Overview and Level Annotations

Branches:
Dungeon (15/15)            Temple (1/1) D:6            Lair (6/6) D:8
 Shoals (0/4) Lair:2       Spider (2/4) Lair:4        Slime (0/5) Lair:5
    Orc (2/2) D:12            Elf (0/3) Orc:2        Vaults (0/5) D:14
 Depths (0/5) D:15

Altars:
Ashenzari
Cheibriados
Dithmenos
Elyvilon
Fedhas
Gozag
Hepliaklqana
Kikubaaqudgha
Makhleb
Nemelex Xobeh
Okawaru
Qazlal
Ru
Sif Muna
Trog
Uskayaw
Vehumet
Wu Jian
Xom
Yredelemnul
Zin
The Shining One
Beogh

Shops:
D:7 ?   D:13 =   Orc:1 ?([}:   Orc:2 =(%[

Annotations:
D:10 exclusion: obsidian statue
D:11 1 runed door, iamserjio's ghost, journeyman HuWn
Lair:3 2 transporters, Torax's ghost, journeyman FeTm
Lair:4 Rupert


Innate Abilities, Weirdness & Mutations

You cannot wear most types of armour.
You are very stealthy in the water. (Stealth+)
You are amphibious.
You can wear up to eight rings at the same time.
You can use your tentacles to constrict eight enemies at once.
Your skin changes colour to match your surroundings (Stealth+).
Your rubbery body absorbs attacks. (AC +1, EV +1)


Message History

You constrict the redback.
The spark wasp evades a web.
You block the redback's attack. You block the spark wasp's attack.
You puncture the redback!
You kill the redback!
Okawaru accepts your kill.
The orb spider weaves a glowing orb of energy.
The spark wasp stings you!! The spark wasp shocks you!
An orb of destruction comes into view.
Blink to where?
You are very lightly contaminated with residual magic.
As you read the scroll of blinking, it crumbles to dust.
You hear a distant "Zot"!
The spark wasp bursts into living lightning!
The living lightning hits you!
* * * LOW HITPOINT WARNING * * *
The spark wasp blinks!
The spark wasp stings you!!
* * * LOW HITPOINT WARNING * * *
The spark wasp shocks you!
You die...

### ######### ##.##
##...#...#
##...###........#
##....#.#..#....##
#...$......#.....#
#^.....#.......#.# ####
##.....(y....$...###..^##
#...<...@.....#....#.....
#.....#.#..s^s.........#.
###..........#^.#.#...#.#
.............^..........
...#...........§#.....#..
#........#..(...#....#....
........#.......#....y..†#.
#.#........#.$.(.>......^..
..#..#..#...(...#...#..


You could see a spark wasp and 2 redbacks.

Vanquished Creatures
  Roxanne (D:14)
  An emperor scorpion (Spider:2)
  An entropy weaver (Spider:1)
  A dire elephant (Lair:5)
  Josephine (Lair:4)
  A vault guard (D:14)
  6 hydras
  3 catoblepae (Lair:6)
  Erica (D:8)
  4 centaur warriors
  An ogre mage (D:15)
  5 two-headed ogres
  6 death yaks
  A tengu warrior (D:13)
  9 orc high priests
  Urug (D:12)
  3 skeletal warriors (D:15)
  A sixfirhy (Abyss:2)
  3 wizards
  2 wolf spider zombies
  2 necromancers (D:14)
  An orc knight (Orc:2)
  3 orb spiders
  4 wolf spiders
  3 deep elf magi
  2 manticores (Lair:6)
  An orc sorcerer (Orc:1)
  5 ugly things
  6 elephants
  2 cyclopes (Orc:1)
  A worldbinder (Abyss:2)
  The ghost of Tovarisch the Firebug, a novice OpFE (D:5)
  Joseph (D:7)
  3 black mambas
  2 gargoyles
  10 spiny frogs
  2 rime drakes (Lair:5)
  4 komodo dragons
  3 kobold demonologists
  4 demonic crawlers (Spider:1)
  7 trolls
  2 efreet
  An ancient zyme (Abyss:2)
  4 polar bears
  5 jumping spiders
  Prince Ribbit (D:8)
  4 slime creatures
  3 hornets
  15 blink frogs
  12 hippogriffs
  4 flying skulls (Abyss:2)
  A spriggan (D:7)
  A shadow (D:13)
  16 redbacks
  5 tarantellas (Spider:1)
  6 wraiths
  47 yaks
  4 basilisks
  A golden eye (shapeshifter) (D:14)
  18 humans (D:14)
  Edmund (D:4)
  13 vampire mosquitoes
  7 wargs (Orc:2)
  5 porcupines
  4 ice beasts (D:11)
  12 water moccasins
  2 black bears
  2 necrophages (D:10)
  23 orc warriors
  A phantom (D:10)
  13 wolves
  A sky beast (D:7)
  20 ogres
  4 boggarts (D:15)
  12 centaurs
  13 crocodiles
  5 big kobolds
  An elf zombie (Ossuary)
  9 bullfrogs
  A wyvern zombie (D:7)
  3 scorpions
  6 wights
  5 electric eels
  5 howler monkeys
  5 centaur zombies
  8 crimson imps
  2 quasits
  7 hounds
  A human zombie (Ossuary)
  3 bullfrog zombies
  An iron imp (Abyss:2)
  49 orc priests
  5 jellies
  19 orc wizards
  3 bullfrog skeletons
  4 centaur skeletons
  3 iguanas
  7 hell rats
  7 worker ants
  A killer bee zombie (D:6)
  2 small abominations (Abyss:2)
  A hound skeleton (D:4)
  2 mummies (Ossuary)
  2 howler monkey zombies (D:6)
  3 gnolls (D:3)
  20 adders
  2 shadow imps
  4 white imps (D:11)
  A worker ant simulacrum (D:11)
  An ufetubus (Abyss:2)
  An adder skeleton (D:6)
  An adder zombie (Ossuary)
  4 worms
  2 dart slugs
  4 leopard geckos
  96 orcs
  4 ball pythons
  5 giant cockroaches
  5 goblins
  4 hobgoblins
  13 kobolds
  5 quokkas
  A ball python skeleton (D:4)
  10 bats
  5 frilled lizards
  4 goblin zombies (Ossuary)
  14 hobgoblin zombies (Ossuary)
  2 jackal zombies (Ossuary)
  7 kobold zombies (Ossuary)
  A leopard gecko skeleton (D:7)
  5 orc zombies (Ossuary)
  7 rats
800 creatures vanquished.

Vanquished Creatures (others)
  A necromancer (D:14)
  A wizard (D:15)
  18 fungi
  19 plants
  2 starspawn tentacles (Abyss:2)
41 creatures vanquished.

Grand Total: 841 creatures vanquished

Notes
Turn   | Place    | Note
-------+----------+-------------------------------------------
     0 | D:1      | iamserjio the Octopode Wanderer began the quest for the
                  | Orb.
     0 | D:1      | iamserjio set off with: a +2 hand crossbow, 28 bolts, a
                  | scroll of teleportation, a potion of curing {@q1}, a +0
                  | dagger, a ration
     0 | D:1      | Reached XP level 1. HP: 17/17 MP: 1/1
   400 | D:1      | Reached skill level 1 in Dodging
   429 | D:1      | Reached XP level 2. HP: 21/22 MP: 2/2
   810 | D:2      | Reached XP level 3. HP: 27/27 MP: 3/3
  1440 | D:3      | Reached XP level 4. HP: 29/33 MP: 4/4
  1622 | D:3      | Found a bloodstained altar of Trog.
  1740 | D:3      | Reached XP level 5. HP: 14/37 MP: 5/5
  2123 | D:3      | Learned a level 2 spell: Blink
  2124 | D:4      | Noticed a hippogriff
  2176 | D:4      | Noticed an ogre
  2180 | D:4      | Killed an ogre
  2180 | D:4      | Reached skill level 5 in Dodging
  2247 | D:4      | Noticed Edmund
  2262 | D:4      | Killed Edmund
  2262 | D:4      | Reached XP level 6. HP: 38/43 MP: 6/6
  2267 | D:4      | Learned a level 3 spell: Mephitic Cloud
  2574 | D:4      | Reached skill level 1 in Poison Magic
  2574 | D:4      | Reached XP level 7. HP: 40/48 MP: 7/7
  2597 | D:4      | Reached skill level 1 in Conjurations
  2597 | D:4      | Reached skill level 1 in Air Magic
  2795 | D:4      | Reached skill level 1 in Spellcasting
  3295 | D:4      | Killed a hippogriff
  3745 | D:5      | Entered Level 5 of the Dungeon
  3796 | D:5      | Noticed a water elemental
  3821 | D:5      | Reached skill level 5 in Fighting
  3907 | D:5      | Found a stormy altar of Qazlal.
  3908 | D:5      | Noticed a fire elemental
  3908 | D:5      | Noticed an air elemental
  3929 | D:5      | Reached XP level 8. HP: 53/55 MP: 11/11
  4395 | D:5      | Found a runed door.
  4430 | D:5      | Noticed Tovarisch's ghost (novice OpFE)
  4671 | D:6      | Found a staircase to the Ecumenical Temple.
  4703 | D:6      | Reached skill level 1 in Long Blades
  5001 | D:7      | Noticed Joseph
  5696 | D:7      | Found Beklaen's Magic Scroll Boutique.
  5711 | D:7      | Bought a scroll of blinking for 112 gold pieces
  5711 | D:7      | Bought a scroll of random uselessness for 15 gold pieces
  5711 | D:7      | Bought a scroll of magic mapping for 52 gold pieces
  5711 | D:7      | Bought a scroll of amnesia for 52 gold pieces
  5711 | D:7      | Bought a scroll of fog for 30 gold pieces
  5711 | D:7      | Bought a scroll of identify for 30 gold pieces
  5856 | D:7      | Reached XP level 9. HP: 23/62 MP: 15/15
  6219 | D:7      | Found a sacrificial altar of Ru.
  6219 | D:7      | Found an ancient bone altar of Kikubaaqudgha.
  6410 | D:7      | Reached skill level 5 in Long Blades
  7008 | D:7      | Killed Joseph
  7506 | Temple   | Entered the Ecumenical Temple
  7593 | Temple   | Became a worshipper of Warmaster Okawaru
  7771 | D:8      | Noticed Prince Ribbit
  7776 | D:8      | Killed Prince Ribbit
  7807 | D:8      | Noticed Erica
  7823 | D:8      | Found an opulent altar of Gozag.
  7870 | D:8      | Found a sand-covered staircase.
  7881 | Ossuary  | Entered an ossuary
  8580 | D:8      | Reached * piety under Okawaru
  8580 | D:8      | Reached XP level 10. HP: 72/72 MP: 16/16
  8678 | D:8      | Killed Erica
  8993 | D:8      | Found a staircase to the Lair.
  9357 | D:9      | Reached ** piety under Okawaru
  9443 | D:8      | Reached skill level 1 in Invocations
  9884 | D:9      | Got a fine flail
 10249 | D:9      | Identified the +8 flail "Xazioh" {freeze, Int+4 Stlth+}
                  | (You found it on level 9 of the Dungeon)
 10368 | D:10     | Entered Level 10 of the Dungeon
 10590 | D:10     | Noticed a gargoyle
 10607 | D:10     | Killed a gargoyle
 10715 | D:10     | Reached *** piety under Okawaru
 10715 | D:10     | Reached skill level 10 in Dodging
 10736 | D:10     | Reached XP level 11. HP: 54/79 MP: 13/18
 10898 | D:10     | Reached skill level 5 in Spellcasting
 10992 | D:10     | Noticed an obsidian statue
 11294 | D:11     | Found a runed door.
 11306 | D:11     | Noticed iamserjio's ghost (journeyman HuWn)
 11306 | D:11     | Noticed a death knight
 11468 | D:11     | Reached skill level 1 in Evocations
 11963 | D:11     | Reached skill level 1 in Maces & Flails
 12298 | D:11     | Noticed a death yak
 12538 | D:10     | Killed a death yak
 12657 | D:11     | Reached skill level 1 in Translocations
 13043 | D:12     | Noticed Urug
 13063 | D:12     | Killed Urug
 13063 | D:12     | Reached **** piety under Okawaru
 13394 | D:12     | Reached skill level 1 in Polearms
 13663 | D:12     | Found a staircase to the Orcish Mines.
 13940 | D:12     | Noticed a deep elf mage
 13966 | D:12     | Killed a deep elf mage
 14584 | D:12     | Reached skill level 5 in Polearms
 15072 | D:13     | Found Wifyagic's Jewellery Boutique.
 15087 | D:13     | Noticed a purple ugly thing
 15088 | D:13     | Noticed a centaur warrior
 15371 | D:13     | Noticed a two-headed ogre
 15380 | D:13     | Killed a two-headed ogre
 15380 | D:13     | Reached XP level 12. HP: 57/84 MP: 13/21
 15556 | D:13     | Killed a centaur warrior
 16125 | D:13     | Noticed a centaur warrior
 16142 | D:13     | Killed a centaur warrior
 16142 | D:13     | Reached ***** piety under Okawaru
 16621 | D:13     | Noticed a tengu warrior
 16637 | D:13     | Killed a tengu warrior
 16637 | D:13     | Reached skill level 1 in Shields
 17121 | D:14     | Noticed Roxanne
 17823 | D:14     | Received a gift from Okawaru
 17842 | D:14     | Reached skill level 5 in Shields
 17934 | D:14     | Reached skill level 10 in Fighting
 17945 | D:14     | Reached XP level 13. HP: 91/91 MP: 20/22
 17973 | D:14     | Found a gate to the Vaults.
 17973 | D:14     | Noticed a vault guard
 18000 | D:14     | Killed a vault guard
 18453 | D:14     | Received a gift from Okawaru
 18638 | D:14     | Got a brightly glowing war axe
 19404 | D:14     | Identified the +12 war axe of the Hummingbird {pain,
                  | *Corrode +Blink Str-5 SInv} (You found it on level 14 of
                  | the Dungeon)
 19851 | D:5      | Killed Tovarisch's ghost
 19936 | Lair:1   | Entered Level 1 of the Lair of Beasts
 20084 | Lair:1   | Received a gift from Okawaru
 20093 | Lair:1   | Got a smoking arbalest {god gift}
 21340 | Lair:2   | Found a staircase to the Shoals.
 22105 | Lair:2   | Found a hide-covered altar of Uskayaw.
 22490 | Lair:3   | Received a gift from Okawaru
 22491 | Lair:3   | Got a transparent buckler {god gift}
 22869 | Lair:3   | Identified the +1 buckler "Yrus" {rC+} (Okawaru gifted it
                  | to you on level 3 of the Lair of Beasts)
 22900 | Lair:3   | Found a transporter.
 22904 | Lair:3   | Found a transporter.
 22904 | Lair:3   | Noticed Torax's ghost (journeyman FeTm)
 23150 | Lair:3   | Reached skill level 10 in Shields
 23435 | Lair:4   | Reached XP level 14. HP: 89/99 MP: 21/24
 23446 | Lair:4   | Found a hole to the Spider Nest.
 23487 | Lair:4   | Noticed Josephine
 23624 | Lair:4   | Noticed Rupert
 23997 | Lair:5   | Learned a level 6 spell: Iron Shot
 24023 | Lair:5   | Noticed a dire elephant
 24023 | Lair:5   | a four-headed hydra changed into a dire elephant
 24048 | Lair:5   | Reached skill level 1 in Earth Magic
 24060 | Lair:5   | Killed a dire elephant
 24484 | Lair:5   | Learned a level 6 spell: Hydra Form
 24597 | Lair:5   | Reached skill level 1 in Transmutations
 24815 | Lair:5   | Found a staircase to the Slime Pits.
 24901 | Lair:6   | Entered Level 6 of the Lair of Beasts
 26026 | Lair:6   | Reached skill level 5 in Earth Magic
 26832 | Lair:6   | Reached skill level 5 in Transmutations
 26877 | Lair:6   | Received a gift from Okawaru
 27020 | Lair:6   | Got a transparent war axe
 27023 | Lair:6   | Identified the +8 war axe of Ugicetry {freeze, Int+5} (You
                  | found it on level 6 of the Lair of Beasts)
 27096 | Lair:6   | Got a brightly glowing trident
 27101 | Lair:6   | Identified the +9 trident "Nogys" {pierce, Str+5} (You
                  | found it on level 6 of the Lair of Beasts)
 27752 | Lair:4   | Reached XP level 15. HP: 77/106 MP: 19/27
 28083 | Lair:3   | Received a gift from Okawaru
 28129 | Lair:4   | Killed Josephine
 28901 | D:15     | Entered Level 15 of the Dungeon
 28970 | D:15     | Received a gift from Okawaru
 28984 | D:15     | Found a bloodstained altar of Trog.
 29086 | D:15     | Received a gift from Okawaru
 30358 | D:15     | Cast into level 2 of the Abyss (a wizard)
 30478 | Abyss:2  | Paralysed by an apocalypse crab for 5 turns
 30723 | Abyss:2  | Noticed a tentacled starspawn
 30751 | D:15     | Escaped the Abyss
 30862 | D:15     | Found a staircase to the Depths.
 31308 | D:14     | Identified the +1 arbalest "Xadez" {freeze, *Corrode +Blink
                  | SInv Stlth-} (Okawaru gifted it to you on level 1 of the
                  | Lair of Beasts)
 31574 | D:14     | Killed Roxanne
 31609 | D:14     | Learned a level 6 spell: Statue Form
 31687 | Orc:1    | Entered Level 1 of the Orcish Mines
 31687 | Orc:1    | Found Manaqeurgh's Weapon Emporium.
 31763 | Orc:1    | Found Dilanuepn's Book Shoppe.
 31767 | Orc:1    | Found Noelets's Gadget Shop.
 31809 | Orc:1    | Found Qeku Pimm's Antique Armour Emporium.
 31881 | Orc:2    | Entered Level 2 of the Orcish Mines
 32514 | Orc:2    | Found Ypriv's Jewellery Emporium.
 32514 | Orc:2    | Found Usisimai's Weapon Shop.
 32630 | Orc:2    | Found a roughly hewn altar of Beogh.
 32723 | Orc:2    | Found Romohaje's Food Emporium.
 32723 | Orc:2    | Found Teats's Antique Armour Shop.
 33175 | Orc:2    | Found a staircase to the Elven Halls.
 33577 | Orc:1    | Found Qobriq's Magic Scroll Shoppe.
 33907 | Orc:1    | Found a roughly hewn altar of Beogh.
 34070 | Orc:2    | Bought the ring "Utruleowei" {Str+5 Int+5} for 939 gold
                  | pieces
 34070 | Orc:2    | Bought the ring of Yneeh {+Blink rPois Str+7 Stlth+} for
                  | 824 gold pieces
 34295 | Lair:4   | Reached skill level 10 in Earth Magic
 34329 | Spider:1 | Entered Level 1 of the Spider Nest
 34734 | Spider:1 | Reached XP level 16. HP: 100/114 MP: 28/28
 35587 | Spider:2 | Received a gift from Okawaru
 35660 | Spider:2 | HP: 3/114 [spark wasp (29)]
 35660 | Spider:2 | Mangled by a spark wasp

Vault maps used:
D:1:      lemuel_arrival_room
D:3:      marbit_many_paths, serial_bayou_pond_a
D:4:      first_ration, uniq_edmund
D:5:      nicolae_qazlal_style_of_elements, ebering_ghost_reflecting_pool,
          corexii_shack, dk_vineyard_3
D:6:      minmay_temple_entry_from_below_b
D:7:      gammafunk_temple_overflow_wave, serial_shops, shop_fountains,
          the_bakery, kennysheep_generic_room_14, uniq_joseph
D:8:      overflow_temple_1_default, dpeg_oklobed_lair,
          lightli_ossuary_entry_decrepit_ruins, abandoned_shop,
          uniq_prince_ribbit1, uniq_erica
D:9:      lemuel_statue_altar
D:10:     minivault_16
D:11:     serial_ice, serial_ice_n, serial_ice_j, serial_ice_m, serial_ice_h,
          ebering_ghost_inner_flame
D:12:     erik_orc_3, uniq_urug
D:13:     serial_shops, nicolae_shop_waterfront
D:14:     grunt_vaults_entry_tiered, minmay_misc_feat_rows, uniq_roxanne
D:15:     grunt_enter_depths_magical_seal, hangedman_abyss_or_decor_slice,
          trog_wizard
Temple:   minmay_crystal_spiral_temple
Lair:1:   minmay_lair_venomous_thicket, serial_bayou_shore_a,
          grunt_megastairs_3, infiniplex_staircase_pool
Lair:2:   shoals_dummy_entry, basic_altar
Lair:3:   gammafunk_ghost_arena, cheibrodos_lair_lostbears
Lair:4:   onia_ninara_swampy_vault, spider_nest_entry_a, uniq_josephine,
          uniq_rupert
Lair:5:   dpeg_slime_entry_corner, disabler_island
Lair:6:   evilmike_catoblepas_cave
Spider:2: uniq_arachne, uniq_azrael
Orc:1:    serial_shops, nicolae_shop_trees, shop, nicolae_shop_waterfront, shop,
          nicolae_shop_behind_doors, bh_open_orc_temple
Orc:2:    st_orc_town
Abyss:2:  evilmike_abyss_exit_smiterflies
Ossuary:  ossuary_tomb_1

Skill      XL: |  1  2  3  4  5  6  7  8  9 10 11 12 13 14 15 16 |
---------------+-------------------------------------------------+-----
Dodging        | 1 2 3 4 6 7 8 10 12 | 12.0
Poison Magic   | 1 2 |  2.1
Conjurations   | 1 2 |  2.0
Air Magic      | 1 2 |  2.0
Spellcasting   | 2 4 6 7 8 |  8.8
Fighting       | 5 6 7 9 10 11 12 | 12.0
Long Blades    | 4 6 |  6.9
Invocations    | 3 4 |  4.1
Evocations     | 2 |  2.1
Maces & Flails | 3 |  3.3
Translocations | 2 |  2.0
Polearms       | 6 9 |  9.0
Shields        | 5 10 | 10.0
Earth Magic    | 6 10 11 | 11.1
Transmutations | 6 9 |  9.0
Crossbows      | |  3.0
Stealth        | |  4.0

Action                   |  1- 3 |  4- 6 |  7- 9 | 10-12 | 13-15 | 16-18 || total
-------------------------+-------+-------+-------+-------+-------+-------++-------
Melee: Morningstar       |       |     9 |       |       |       |       ||     9
       Tentacles         |       |     5 |    40 |   144 |   319 |    25 ||   533
       Constrict         |       |     4 |    55 |    99 |   159 |    19 ||   336
       Flail             |       |    10 |    69 |       |       |       ||    79
       Long sword        |       |       |   166 |   185 |       |       ||   351
       Demon trident     |       |       |       |   393 |  1521 |    94 ||  2008
       Demon whip        |       |       |       |   106 |       |       ||   106
       Punch             |       |       |       |    13 |    36 |     5 ||    54
       Scimitar          |       |       |       |       |    15 |       ||    15
       War axe           |       |       |       |       |     3 |       ||     3
 Fire: Hand crossbow     |    62 |    78 |    38 |       |       |       ||   178
       Arbalest          |       |       |       |       |    29 |       ||    29
Throw: Stone             |       |       |     1 |       |       |       ||     1
       Tomahawk          |       |       |     2 |     9 |    21 |       ||    32
       Javelin           |       |       |       |    13 |    16 |     3 ||    32
 Cast: Blink             |       |       |       |       |     4 |     1 ||     5
       Mephitic Cloud    |       |       |       |       |     3 |       ||     3
       Statue Form       |       |       |       |       |       |     1 ||     1
Invok: Heroism           |       |       |       |    36 |    86 |     5 ||   127
Evoke: Wand              |       |       |     6 |    13 |    36 |       ||    55
       Lamp of fire      |       |       |       |       |     2 |       ||     2
  Use: Scroll            |       |       |    10 |    13 |    25 |     1 ||    49
       Potion            |       |       |     6 |     8 |     9 |       ||    23
 Stab: Sleeping          |       |       |    13 |    14 |    27 |       ||    54
       Distracted        |       |       |       |     3 |     1 |     1 ||     5
  Eat: Chunk             |     1 |     4 |    13 |    25 |    26 |     2 ||    71
       Ration            |       |       |     2 |     1 |     9 |       ||    12
Armor: Skin              |     1 |     7 |    28 |    13 |    11 |     4 ||    64
Dodge: Dodged            |     8 |    38 |   202 |   421 |   539 |    48 ||  1256
Block: Buckler           |       |       |       |    67 |       |       ||    67
       Shield            |       |       |       |    37 |   716 |    74 ||   827
       Rpst.: Long sword |       |       |    26 |    39 |       |       ||    65
       Scimitar          |       |       |       |       |     5 |       ||     5

Table legend:
 A = Non-vault XP
 B = Vault XP
 C = Vault XP percentage of total XP
 D = Non-vault monster count
 E = Vault monster count
 F = Vault count percentage of total count
                 A         B        C        D         E       F
            +---------+---------+-------+---------+---------+-------
      Total |   90175 |   50909 |  36.1 |     572 |     229 |  28.6
            +---------+---------+-------+---------+---------+-------
        D:1 |      14 |       0 |   0.0 |       9 |       0 |   0.0
        D:2 |      55 |       0 |   0.0 |      22 |       0 |   0.0
        D:3 |     110 |       1 |   0.9 |      20 |       1 |   4.8
        D:4 |     712 |     169 |  19.2 |      20 |       1 |   4.8
        D:5 |     290 |     472 |  61.9 |       8 |       2 |  20.0
        D:6 |     749 |       0 |   0.0 |      14 |       0 |   0.0
        D:7 |     963 |     799 |  45.3 |      19 |       3 |  13.6
        D:8 |     707 |    1213 |  63.2 |      15 |       2 |  11.8
        D:9 |    1267 |       0 |   0.0 |      24 |       0 |   0.0
       D:10 |    2537 |     872 |  25.6 |      28 |       1 |   3.4
       D:11 |     858 |     912 |  51.5 |      19 |      11 |  36.7
       D:12 |    3005 |    1459 |  32.7 |      26 |      15 |  36.6
       D:13 |    8046 |       0 |   0.0 |      31 |       0 |   0.0
       D:14 |    8422 |    9228 |  52.3 |      36 |      26 |  41.9
       D:15 |    8059 |    6177 |  43.4 |      30 |       9 |  23.1
     Lair:1 |    3911 |    2197 |  36.0 |      19 |      14 |  42.4
     Lair:2 |    3080 |       0 |   0.0 |      12 |       0 |   0.0
     Lair:3 |    4548 |    1164 |  20.4 |      14 |       4 |  22.2
     Lair:4 |    3222 |    5207 |  61.8 |      12 |      14 |  53.8
     Lair:5 |    8063 |     212 |   2.6 |      36 |       4 |  10.0
     Lair:6 |    8738 |   10850 |  55.4 |      37 |      23 |  38.3
   Spider:1 |    9924 |       0 |   0.0 |      28 |       0 |   0.0
   Spider:2 |    4306 |       0 |   0.0 |      11 |       0 |   0.0
      Orc:1 |    3569 |     977 |  21.5 |      41 |       4 |   8.9
      Orc:2 |    1966 |    8690 |  81.6 |      28 |      56 |  66.7
    Abyss:2 |    3054 |       0 |   0.0 |      13 |       0 |   0.0
    Ossuary |       0 |     310 | 100.0 |       0 |      39 | 100.0
            +---------+---------+-------+---------+---------+-------
